 Seeded DCSS version 0.30.1-9-gdf580d7c3d (webtiles) character file.

Game seed: 7229806256980976716 (custom seed)

2076 Psyclone the Geomancer (level 9, -1/68 HPs)
             Began as a Meteoran Earth Elementalist on Oct 17, 2023.
             Slain by an orc warrior
             ... wielding a +0 broad axe
              (9 damage)
             ... on level 6 of the Dungeon.
             The game lasted 00:04:30 (1683 turns).

Psyclone the Geomancer (MeEE)                       Turns: 1683, Time: 00:04:31

Health: -1/68      AC:  5    Str:  7    XL:     9   Next: 80%
Magic:  15/23      EV: 12    Int: 30    God:
Gold:   4015       SH:  0    Dex: 13    Spells: 20/26 levels left

rFire   . . .        p - staff of earth
rCold   . . .        (no shield)
rNeg    + . .        a - +0 robe
rPois   .            (no helmet)
rElec   .            (no cloak)
rCorr   .            n - +0 pair of gloves
SInv    .            (no boots)
Will    +....        (no amulet)
Stlth   +            D - ring of positive energy
HPRegen 0.31/turn    (no ring)
MPRegen 0.18/turn

%: no passive effects
@: glowing
A: sense surroundings 2, otherworldly, glowing, explore regen, iridescent scales
1, clever 2, robust 1, MP-powered wands, noise suppression
a: no special abilities


You were on level 6 of the Dungeon.
You visited 1 branch of the dungeon, and saw 6 of its levels.
You also visited: Ossuary.

You collected 4015 gold pieces.

Inventory:

Missiles
 d - a throwing net {!f}
Armour
 a - a +0 robe (worn)
 n - a +0 pair of gloves (worn)
Magical Staves
 p - a staff of earth (weapon)
Jewellery
 D - a ring of positive energy (left hand)
Scrolls
 c - 3 scrolls of amnesia {unknown}
 e - 4 scrolls of identify {unknown}
 f - 2 scrolls of blinking {unknown}
 h - 2 scrolls of enchant armour {unknown}
 l - a scroll of poison {unknown}
 t - 4 scrolls of vulnerability {unknown}
 u - 3 scrolls of magic mapping {unknown}
 w - 3 scrolls of silence {unknown}
 y - a scroll of butterflies {unknown}
 z - a scroll of fog {unknown}
 E - 2 scrolls of immolation {unknown}
 F - 2 scrolls of enchant weapon {unknown}
 G - a scroll of torment {unknown}
 H - a scroll of brand weapon {unknown}
Potions
 b - a potion of magic
 g - 3 potions of might {unknown}
 i - 6 potions of curing {unknown}
 j - a potion of invisibility {unknown}
 k - a potion of brilliance {unknown}
 m - a potion of mutation
 o - 2 potions of cancellation {unknown}
 q - 4 potions of attraction {unknown}
 r - 2 potions of flight {unknown}
 s - a potion of heal wounds {unknown}
 v - a potion of degeneration {unknown}
 x - a potion of berserk rage {unknown}
 A - a potion of ambrosia {unknown}
 B - 2 potions of lignification {unknown}
 C - a potion of haste {unknown}


   Skills:
 - Level 2.4 Dodging
 - Level 1.4 Stealth
 * Level 9.4 Spellcasting
 + Level 6.3 Transmutations
 * Level 9.7 Earth Magic


You had 20 spell levels left.
You knew the following spells:

 Your Spells              Type           Power      Damage    Failure   Level
a - Sandblast             Erth           100%       2d20      1%          1
b - Passwall              Tmut/Erth      63%        N/A       1%          2
c - Stone Arrow           Conj/Erth      100%       3d13      1%          3

Your spell library contained the following spells:

 Spells                   Type           Power      Damage    Failure   Level
 Petrify                  Tmut/Erth      76%        N/A       1%          4
 Cigotuvi's Dreadful Rot  Necr/Pois/Air  28%        N/A       5%          2
 Poisonous Vapours        Pois/Air       28%        N/A       5%          2
 Mephitic Cloud           Conj/Pois/Air  14%        N/A       11%         3
 Dispel Undead            Necr           14%        3d10      36%         4
 Freezing Cloud           Conj/Ice/Air   7%         6-21      71%         5
 Death Channel            Necr           7%         N/A       99%         6


Dungeon Overview and Level Annotations

Branches:
Dungeon (6/15) Zot: 2332   Temple (0/1) D:4         Ossuary (visited)

Altars:
Elyvilon
Qazlal

Shops:
D:6 :

Annotations:
D:3 3 runed translucent doors


Innate Abilities, Weirdness & Mutations

You passively map the area around you.
You are easily found by Zot.
You glow in the dark.
You regain HP and MP as you explore.
You are partially covered in iridescent scales. (AC +2)
Your mind is very acute. (Int +8, Str/Dex -2)
You are robust. (+10% HP)
You expend magic power (3 MP) to strengthen your wands.
You passively dampen the noise of your surroundings.


Message History

The orc warrior is heavily wounded.
The orc warrior hits you with a +0 broad axe.
The orc hits you from afar with a +0 trident. x2
Your magical contamination has completely faded away.
You take 12 damage, and have 41/68 hp.
You now have 15/23 mp.
Casting: Sandblast (safe; 1% risk of failure)
Confirm with . or Enter, or press ? or * to list all spells.
Aiming: Sandblast (safe; 1% risk of failure)
Press: ? - help, Shift-Dir - straight line, f/p - orc warrior
Aim: an orc warrior, wielding a +0 broad axe and wearing a +0 plate armour (heavily wounded, 85% to hit)
You feel a surge of power!
The blast of sand hits the orc warrior but does no damage.
The orc warrior is heavily wounded.
The orc warrior hits you with a +0 broad axe.
The orc hits you but does no damage.
You take 6 damage, and have 35/68 hp.
You now have 14/23 mp.
The orc warrior hits you with a +0 broad axe!
You take 9 damage, and have 26/68 hp.
Items here: ( )))) [[.
The orc warrior attacks as you move away!
The orc warrior hits you with a +0 broad axe!
* * * LOW HITPOINT WARNING * * *
The orc attacks as you move away! The orc hits you with a +0 club.
* * * LOW HITPOINT WARNING * * *
There is an open door here.
You take 11 damage, and have 15/68 hp.
The orc attacks as you move away! The orc closely misses you.
Casting: Sandblast (safe; 1% risk of failure)
Confirm with . or Enter, or press ? or * to list all spells.
Aiming: Sandblast (safe; 1% risk of failure)
Press: ? - help, Shift-Dir - straight line, f/p - orc warrior
Aim: an orc warrior, wielding a +0 broad axe and wearing a +0 plate armour (heavily wounded, 85% to hit)
You feel a surge of power!
The blast of sand hits the orc!!
You kill the orc!
The orc hits you from afar with a +0 trident.
* * * LOW HITPOINT WARNING * * *
The orc hits you from afar with a +0 trident.
* * * LOW HITPOINT WARNING * * *
The orc warrior hits you with a +0 broad axe!
You die...

#..[.)..'...'....(..#)#.
*,
#.......#...#.......#...
,
##.....##...##.....##.#.
, ##...###...#
#...##<... ##### #...#
#####..#. , ##...#
#...#**...##....
##.....##...# .....##.#.
#.......#...#.).... #.#.
* #..)...@o)..'.)[.).
#...
*,#.......#o..#......
#... ##.....##)..#
.....##.##
*##...#*#....# ...##....
*#### *##.#.# *###.....
, ,, ..#.# #..... * ** *
,..#.# #..... ##.#.#
#..... * #..##.


You could see an orc warrior and an orc.

Vanquished Creatures
  An ice beast (D:6)
  A sky beast (D:6)
  2 hornet zombies (Ossuary)
  A bullfrog (D:6)
  5 scorpions
  2 wyvern zombies (Ossuary)
  2 water moccasin zombies (Ossuary)
  A howler monkey (D:6)
  2 electric eels (D:6)
  3 bullfrog zombies (Ossuary)
  2 centaur zombies (Ossuary)
  4 orc priests (D:6)
  A gnoll bouda (D:6)
  2 jellies
  A hound (D:6)
  2 sleepcaps
  2 orc wizards (D:6)
  3 killer bee zombies (Ossuary)
  16 mummies
  2 howler monkey zombies (Ossuary)
  5 adders
  5 gnolls (D:6)
  A shadow imp (D:5)
  An ufetubus (D:6)
  A worm (D:3)
  8 orcs (D:6)
  2 ball pythons
  2 bats
  An endoplasm (D:2)
  4 giant cockroaches
  2 goblins (D:4)
  4 hobgoblins
  6 jackals
  A kobold (D:4)
  2 quokkas
  A frilled lizard (D:1)
  A goblin zombie (D:4)
  An orc zombie (D:4)
  3 rats
106 creatures vanquished.

Notes
Turn   | Place    | Note
-------+----------+-------------------------------------------
     0 | D:1      | Psyclone the Meteoran Earth Elementalist began the quest
                  | for the Orb.
     0 | D:1      | Reached XP level 1. HP: 14/14 MP: 5/5
    64 | D:1      | Identified 3 scrolls of acquirement
    64 | D:1      | Acquired 1248 gold pieces
    65 | D:1      | Acquired 1275 gold pieces
    88 | D:1      | Acquired 1252 gold pieces
   159 | D:1      | Reached XP level 2. HP: 20/20 MP: 3/6
   193 | D:1      | Gained mutation: You are partially covered in iridescent
                  | scales. (AC +2) [potion of mutation]
   193 | D:1      | Gained mutation: You expend magic power (3 MP) to
                  | strengthen your wands. [potion of mutation]
   193 | D:1      | Gained mutation: You have hidden genetic potential. [potion
                  | of mutation]
   193 | D:1      | Gained mutation: You have great hidden genetic potential.
                  | [potion of mutation]
   301 | D:2      | Reached XP level 3. HP: 26/26 MP: 6/8
   325 | D:2      | Reached XP level 4. HP: 33/33 MP: 5/10
   328 | D:2      | Learned a level 2 spell: Passwall
   328 | D:2      | Gained mutation: You passively dampen the noise of your
                  | surroundings. [hidden potential]
   332 | D:2      | Learned a level 3 spell: Stone Arrow
   460 | D:3      | Found a runed translucent gate.
   460 | D:3      | Found a runed translucent gate.
   460 | D:3      | Found a runed translucent gate.
   527 | D:4      | Noticed a scorpion
   532 | D:4      | Killed a scorpion
   533 | D:4      | Reached skill level 5 in Earth Magic
   533 | D:4      | Reached XP level 5. HP: 38/38 MP: 8/12
   534 | D:4      | Gained mutation: You are robust. (+10% HP) [hidden
                  | potential]
   534 | D:4      | Lost mutation: You have great hidden genetic potential.
                  | [hidden potential expressed]
   588 | D:4      | Found a white marble altar of Elyvilon.
   600 | D:4      | Reached XP level 6. HP: 49/49 MP: 12/14
   676 | D:4      | Found a staircase to the Ecumenical Temple.
   692 | D:4      | Found a stormy altar of Qazlal.
   750 | D:4      | Found a sand-covered staircase.
   755 | Ossuary  | Entered an ossuary
   763 | Ossuary  | Reached skill level 5 in Spellcasting
   772 | Ossuary  | Gained mutation: Your mind is acute. (Int +4, Str/Dex -1)
                  | [hidden potential]
   776 | Ossuary  | Reached XP level 7. HP: 44/55 MP: 6/16
   904 | Ossuary  | Gained mutation: Your mind is very acute. (Int +8, Str/Dex
                  | -2) [hidden potential]
   904 | Ossuary  | Lost mutation: You have hidden genetic potential. [hidden
                  | potential expressed]
   970 | Ossuary  | Reached XP level 8. HP: 52/62 MP: 4/18
  1209 | Ossuary  | Reached skill level 5 in Transmutations
  1214 | Ossuary  | Glimpsed the power of Zot.
  1242 | D:5      | Entered Level 5 of the Dungeon
  1328 | D:5      | Gained mutation: You passively map the area around you.
                  | [Meteoran growth]
  1328 | D:5      | Reached XP level 9. HP: 67/68 MP: 18/21
  1503 | D:6      | Found Xixtot's Book Boutique.
  1683 | D:6      | Slain by an orc warrior

Illustrated notes

Levels and vault maps discovered:
D:1:      spicycebolla_arrival_ecumenical, layout_loops_ring
D:2:      layout_basic
D:3:      layout_rooms, mainiacjoe_overflow_paths, gammafunk_ghost_necromancy
D:4:      layout_rooms, tso_metal_star, mainiacjoe_overflow_catwalk,
          elyvilon_altar_5, minmay_temple_entry_stoned_glass,
          nicolae_ossuary_entry_giza, minmay_misc_feat_square, minivault_4
D:5:      layout_basic
D:6:      kennysheep_six_static_rooms, layout_basic, serial_shops,
          nicolae_shop_stone, serial_bayou_lagoon_b

Skill      XL: |  1  2  3  4  5  6  7  8  9 |
---------------+----------------------------+-----
Spellcasting   | 3 4 5 6 7 9 |  9.4
Earth Magic    | 4 5 6 7 8 9 |  9.7
Transmutations | 2 3 4 5 6 |  6.3
Dodging        | |  2.4
Stealth        | |  1.4

Action                     |  1- 3 |  4- 6 |  7- 9 || total
---------------------------+-------+-------+-------++-------
   Cast: Sandblast         |    13 |    41 |   119 ||   173
         Passwall          |       |     4 |     1 ||     5
    Use: Scroll            |     3 |       |       ||     3
         Potion            |     1 |       |       ||     1
 Armour: Robe              |       |     3 |    20 ||    23
  Dodge: Dodged            |     1 |     3 |    34 ||    38
